AoeStats
← 我不知道

Arabia

510321468Analyzed
1v1 RM · 17h ago on Sep 30, 2026· 56m 52s· 2 players
Game mode
Random Map
Map size
Tiny (2 player)
Population
200
Speed
Normal
Resources
Standard
Victory
Conquest
Starting age
Dark Age
Ending age
Imperial Age
RankedLock teamsTeams togetherTeam positionsShared explorationLock speedFull tech treeHidden civsTurbo modeCheats
Victory
Defeat
🇷🇺 Vikings · Russia
1081
+15
🇷🇺 Ethiopians · Russia
1062
-15
我不知道
6:43 Loom
9:13 Feudal Age
11:32 Double-Bit Axe
12:28 Horse Collar
16:58 Fletching
17:09 Padded Archer Armor
22:10 Castle Age
22:18 Crossbowman
23:14 Bodkin Arrow
23:35 Leather Archer Armor
24:02 Bow Saw
24:22 Thumb Ring
28:17 Wheelbarrow
30:48 Scale Barding Armor
30:54 Forging
31:41 Scale Mail Armor
32:05 Chain Barding Armor
31:44 Town Watch
34:02 Husbandry
39:16 Imperial Age
37:04 Hand Cart
36:45 Gold Mining
37:59 Iron Casting
39:14 Gold Shaft Mining
39:42 Stone Mining
39:25 Cavalier
41:11 Blast Furnace
40:32 Arbalester
41:58 Conscription
42:47 Ballistics
43:28 Chemistry
42:32 Bracer
44:09 Two-Man Saw
43:31 Man-at-Arms
44:09 Long Swordsman
44:50 Squires
45:13 Two-Handed Swordsman
49:49 Scale Mail Armor
50:54 Chain Mail Armor
54:18 Onager
batan1917
2:34 Loom
10:50 Feudal Age
11:16 Town Watch
11:29 Double-Bit Axe
17:58 Castle Age
17:26 Fletching
17:36 Padded Archer Armor
18:02 Elite Skirmisher
21:40 Bow Saw
21:22 Horse Collar
25:01 Bodkin Arrow
27:52 Leather Archer Armor
30:26 Squires
30:12 Arson
31:04 Gold Mining
31:05 Stone Mining
32:05 Town Patrol
33:22 Chieftains
33:44 Heavy Plow
33:37 Pikeman
34:44 Treadmill Crane
35:02 Murder Holes
35:02 Stone Mining
39:57 Imperial Age
37:37 Scale Mail Armor
38:52 Forging
38:58 Chain Mail Armor
39:49 Ballistics
38:59 Man-at-Arms
39:59 Elite Varangian Guard
41:06 Conscription
41:32 Bracer
42:07 Iron Casting
42:08 Plate Mail Armor
42:09 Long Swordsman
45:20 Chemistry
44:54 Ring Archer Armor
45:36 Blast Furnace
46:22 Siege Engineers
46:36 Long Swordsman
47:29 Masonry
47:28 Scale Barding Armor
48:31 Two-Handed Swordsman
49:43 Bogsveigar
52:02 Champion
53:50 Crossbowman
57:36 Hoardings
Connection lost

Rejoining the realm…

Still unreachable

The connection could not be restored.

Session expired

The server has moved on; the page needs a fresh start.